 Dungeon Crawl Stone Soup version 0.23.2-1-ga50397a6bc (webtiles) character file.

Game seed: 3109022905850831167

33985 Artanis the Sharpshooter (level 13, -3/116 HPs)
             Began as a Hill Orc Fighter on May 18, 2019.
             Was an Elder of Trog.
             Slain by a redback (10 damage)
             ... on level 3 of the Lair of Beasts.
             The game lasted 02:37:37 (19577 turns).

Artanis the Sharpshooter (Hill Orc Fighter)        Turns: 19577, Time: 02:37:43

Health: -3/116     AC: 13    Str: 32    XL:     13   Next: 74%
Magic:  0/13       EV: 10    Int:  8    God:    Trog [****..]
Gold:   832        SH:  0    Dex:  9    Spells: 12/12 levels left

rFire    . . .     SeeInvis .   B - +5 arbalest (flame)
rCold    . . .     Gourm    .   (shield currently unavailable)
rNeg     . . .     Faith    .   x - +4 ring mail "Gigicung" {*Contam +Fly rPois Str+6}
rPois    +         Spirit   +   (no helmet)
rElec    .         Reflect  .   (no cloak)
rCorr    .         Harm     .   (no gloves)
MR       .....                  (no boots)
Stlth    ..........             t - amulet of guardian spirit
HPRegen  0.29/turn              I - +2 ring of protection
MPRegen  0.13/turn              J - +3 ring of strength

@: lethally poisoned (-3 -> -30)
A: clumsy 1
a: Berserk, Trog's Hand, Brothers in Arms, Renounce Religion, Evoke Flight


You were on level 3 of the Lair of Beasts.
You worshipped Trog.
Trog was greatly pleased with you.
You were not hungry.

You visited 3 branches of the dungeon, and saw 18 of its levels.

You collected 1113 gold pieces.
You spent 281 gold pieces at shops.

Inventory:

Hand Weapons
 a - a +1 war axe
 A - a +0 battleaxe
 B - a +5 arbalest of flaming (weapon)
 D - a +0 great mace of protection
Missiles
 e - 70 bolts (quivered)
 i - 16 tomahawks
Armour
 c - a +0 shield
 x - the +4 ring mail "Gigicung" (worn) {*Contam +Fly rPois Str+6}
   (You found it on level 9 of the Dungeon)

   It affects your strength (+6).
   It protects you from poison.
   It lets you fly.
   It causes magical contamination when unequipped.
 Y - a +1 plate armour of poison resistance
Jewellery
 t - an amulet of guardian spirit (around neck)
 I - a +2 ring of protection (left hand)
 J - a +3 ring of strength (right hand)
 Q - an uncursed ring of poison resistance
 R - a +4 ring of intelligence
 W - an uncursed ring of protection from fire
Wands
 b - a wand of polymorph (6)
 d - a wand of clouds (1)
 h - a wand of acid (14)
 y - a wand of flame (91)
 H - a wand of digging (1)
 M - a wand of enslavement (10)
 P - a wand of iceblast (28)
 V - a wand of paralysis (9)
Scrolls
 g - a scroll of teleportation
 k - 3 scrolls of fog
 l - 3 scrolls of immolation
 m - 8 scrolls of remove curse
 w - 2 scrolls of magic mapping
 F - 2 scrolls of amnesia
 G - a scroll of enchant armour
 K - 2 scrolls of fear
 L - 3 scrolls of noise
 N - a scroll of vulnerability
 S - a scroll of blinking {unknown}
 T - a scroll of acquirement {unknown}
Potions
 j - a potion of invisibility {unknown}
 n - 2 potions of resistance
 o - 3 potions of flight {unknown}
 p - a potion of heal wounds {unknown}
 q - 5 potions of agility {unknown}
 r - 2 potions of lignification {unknown}
 s - 3 potions of brilliance {unknown}
 u - 3 potions of berserk rage {unknown}
 v - 2 potions of curing
 z - 2 potions of magic
 C - 2 potions of haste {unknown}
 O - 4 potions of ambrosia {unknown}
 U - a potion of degeneration {unknown}
 X - a potion of mutation {unknown}
Comestibles
 f - 17 rations


   Skills:
 - Level 11.4 Fighting
 - Level 10.2 Axes
 * Level 15.4 Crossbows
 - Level 9.6 Armour
 - Level 6.4 Shields


You had 12 spell levels left.
You didn't know any spells.
Your spell library contained the following spells:

 Spells                   Type           Power        Failure   Level  Hunger
 Animate Skeleton         Necr           N/A          50%         1    ##.....
 Beastly Appendage        Tmut           #.....       50%         1    ##.....
 Confusing Touch          Hex            #.....       50%         1    ##.....
 Infusion                 Chrm           #...         50%         1    ##.....
 Pain                     Necr           #...         50%         1    ##.....
 Shock                    Conj/Air       #...         50%         1    ##.....
 Summon Small Mammal      Summ           #...         50%         1    ##.....
 Call Imp                 Summ           #.......     65%         2    ###....
 Poisonous Vapours        Pois/Air       #.....       65%         2    ###....
 Shroud of Golubria       Chrm/Tloc      #.........   65%         2    ###....
 Song of Slaying          Chrm           #.......     65%         2    ###....
 Sticks to Snakes         Tmut           #.......     65%         2    ###....
 Swiftness                Chrm/Air       #.......     65%         2    ###....
 Call Canine Familiar     Summ           #.......     86%         3    ####...
 Confuse                  Hex            #.......     86%         3    ####...
 Conjure Flame            Conj/Fire      #.......     86%         3    ####...
 Gell's Gravitas          Tloc           #.........   86%         3    ####...
 Mephitic Cloud           Conj/Pois/Air  #.......     86%         3    ####...
 Regeneration             Chrm/Necr      #.........   86%         3    ####...
 Spectral Weapon          Hex/Chrm       #.......     86%         3    ####...
 Spider Form              Tmut/Pois      #.........   86%         3    ####...
 Static Discharge         Conj/Air       #.......     86%         3    ####...
 Summon Guardian Golem    Hex/Summ       #.......     86%         3    ####...
 Vampiric Draining        Necr           #.........   86%         3    ####...
 Airstrike                Air            #.........   99%         4    #####..
 Animate Dead             Necr           N/A          99%         4    #####..
 Cause Fear               Hex            #.........   99%         4    #####..
 Ice Form                 Ice/Tmut       #.......     99%         4    #####..
 Petrify                  Tmut/Erth      #.......     99%         4    #####..
 Summon Ice Beast         Ice/Summ       #.......     99%         4    #####..
 Summon Lightning Spire   Summ/Air       #.......     99%         4    #####..
 Blade Hands              Tmut           #.........   100%        5    ######.
 Lightning Bolt           Conj/Air       #.........   100%        5    ######.
 Metabolic Englaciation   Hex/Ice        #.........   100%        5    ######.
 Silence                  Hex/Air        #.........   100%        5    ######.
 Yara's Violent Unravell  Hex/Tmut       #.........   100%        5    ######.
 Deflect Missiles         Chrm/Air       #.........   100%        6    #######
 Freezing Cloud           Conj/Ice/Air   #.........   100%        6    #######
 Ring of Flames           Chrm/Fire      #.........   100%        7    #######
 Discord                  Hex            #.........   100%        8    #######


Dungeon Overview and Level Annotations

Branches:
Dungeon (13/15)            Temple (1/1) D:7            Lair (4/6) D:8
 Spider (0/4) Lair:3          Orc (0/2) D:10
  Swamp: Lair:2-4    Shoals: Lair:2-4    Vaults: D:13-14

Altars:
Ashenzari
Cheibriados
Dithmenos
Elyvilon
Fedhas
Gozag
Hepliaklqana
Kikubaaqudgha
Makhleb
Nemelex Xobeh
Okawaru
Qazlal
Ru
Sif Muna
Trog
Uskayaw
Vehumet
Wu Jian
Xom
Yredelemnul
Zin
The Shining One

Shops:
D:6 (


Innate Abilities, Weirdness & Mutations

You are clumsy. (Dex -2)


Message History

Firing (i - inventory. (/) - cycle)
e - 72 bolts (quivered)
Press: ? - help, Shift-Dir - straight line, f/p - redback
Aim: a redback (heavily wounded, clinging)
You shoot a bolt. The bolt barely misses the redback.
You recover from your berserk rage.
The redback bites you.
* * * LOW HITPOINT WARNING * * *
You are lethally poisoned!
The redback poisons you!
Firing (i - inventory. (/) - cycle)
e - 71 bolts (quivered)
Press: ? - help, Shift-Dir - straight line, f/p - redback
Aim: a redback (heavily wounded, clinging)
You shoot a bolt. The bolt hits the redback.
The bolt burns the redback.
The redback is severely wounded.
* * * LOW HITPOINT WARNING * * *
You feel very sick. The redback bites you!
* * * LOW HITPOINT WARNING * * *
The redback bites you!
You die...

......#.........###..# #((^♣#
##.....##......##
##.#######(...#
#.#..#######.###
#...##....#.## ###...##
##.#######..#......#.#
##.....#
#...#..#.#P........#.#
##♣.>.♣# ##.##..........P....#
##.....# #.#..#..##.........#
.##.♣.## ##.....####........##
..##### #..#P.@# #.........#
.## ##.##.s# ##.........#
###### #..#..(# #..........###
.#.#.## #....(##
##......†#.##. ......##
##.P..# #P...P.P.#.# #
#####..# #(##(####..##.PP##.#
#...# #..#.P#P....^......###
#...#####..(.##PP.........#...
##..P#.#..##.##.....#........†


You could see a redback.

Vanquished Creatures
  Erolcha (D:9)
  3 hydras
  A two-headed ogre (D:11)
  7 death yaks
  Urug (D:11)
  Nergalle (D:12)
  An unseen horror (D:12)
  2 oklob plants (Lair:1)
  2 ugly things
  A deep elf mage (D:12)
  A centaur zombie (D:10)
  A black mamba (Lair:4)
  3 spiny frogs
  4 komodo dragons
  3 jumping spiders (Lair:3)
  3 trolls
  A polar bear (Lair:3)
  3 blink frogs (Lair:3)
  5 hippogriffs
  4 redbacks (Lair:3)
  A shadow (D:12)
  A vampire (D:12)
  A spriggan (D:9)
  35 yaks
  2 wyverns
  A basilisk (Lair:1)
  A steam dragon (Lair:3)
  A hungry ghost (D:10)
  A swamp worm (Lair:3)
  An acid dragon (D:11)
  21 water moccasins
  Duvessa (D:6)
  3 phantoms
  3 ice beasts
  10 porcupines
  5 orc warriors
  3 sky beasts
  4 ogres
  12 centaurs
  8 crocodiles
  A big kobold (D:11)
  14 bullfrogs
  Dowan (D:6)
  3 scorpions
  5 killer bees (D:12)
  3 wights (D:7)
  2 howler monkeys
  2 jellies
  7 crimson imps
  2 bullfrog zombies (D:9)
  7 orc priests
  7 orc wizards
  6 hounds
  2 bullfrog skeletons (D:8)
  5 centaur skeletons
  14 worker ants
  2 iguanas
  A hound zombie (D:5)
  A hound skeleton (D:7)
  2 worker ant zombies
  A howler monkey skeleton (D:5)
  25 adders
  2 shadow imps
  2 oozes
  An adder zombie (D:9)
  A worm (D:5)
  3 dart slugs
  4 leopard geckos
  36 orcs
  7 giant cockroaches
  13 goblins
  8 hobgoblins
  10 jackals
  11 kobolds
  8 quokkas
  A ball python (D:4)
  A ball python skeleton (D:4)
  5 bats
  2 frilled lizards
  A jackal zombie (D:8)
  2 leopard gecko skeletons
  A quokka skeleton (D:8)
  6 rats
  A plant (Lair:1)
402 creatures vanquished.

Vanquished Creatures (others)
  2 fungi (Lair:3)
  2 plants (Lair:3)
4 creatures vanquished.

Grand Total: 406 creatures vanquished

Notes
Turn   | Place    | Note
-------+----------+-------------------------------------------
     0 | D:1      | Artanis the Hill Orc Fighter began the quest for the Orb.
     0 | D:1      | Reached XP level 1. HP: 19/19 MP: 1/1
   263 | D:1      | Reached XP level 2. HP: 27/27 MP: 2/2
   841 | D:2      | Reached XP level 3. HP: 33/33 MP: 3/3
   955 | D:2      | Found a glowing golden altar of the Shining One.
  1316 | D:2      | Found a sacrificial altar of Ru.
  1357 | D:2      | Reached XP level 4. HP: 40/40 MP: 4/4
  1820 | D:3      | Found a sparkling altar of Nemelex Xobeh.
  1838 | D:3      | Found a blossoming altar of Fedhas.
  2242 | D:4      | Noticed an ogre
  2249 | D:4      | Killed an ogre
  2249 | D:4      | Reached XP level 5. HP: 35/47 MP: 5/5
  2399 | D:4      | Noticed a phantom
  2436 | D:4      | Killed a phantom
  2436 | D:4      | Reached skill level 5 in Fighting
  2436 | D:4      | Reached XP level 6. HP: 13/56 MP: 6/6
  2907 | D:4      | Reached skill level 5 in Axes
  3018 | D:4      | Reached skill level 5 in Shields
  3095 | D:4      | You fall through a shaft for 2 floors!
  3205 | D:6      | Reached skill level 5 in Armour
  3208 | D:6      | Reached XP level 7. HP: 38/61 MP: 7/7
  3492 | D:6      | Found a shimmering altar of Xom.
  3594 | D:5      | Entered Level 5 of the Dungeon
  4318 | D:4      | Found a white marble altar of Elyvilon.
  4829 | D:4      | Reached XP level 8. HP: 71/71 MP: 8/8
  6154 | D:6      | Found Zorim's Weapon Emporium.
  6304 | D:6      | Noticed Dowan
  6312 | D:6      | Killed Dowan
  6342 | D:6      | Noticed Duvessa
  6359 | D:6      | Killed Duvessa
  6830 | D:7      | Reached XP level 9. HP: 69/80 MP: 9/9
  7098 | D:6      | Bought a +2 arbalest of flaming for 281 gold pieces
  7286 | D:7      | Reached skill level 1 in Crossbows
  7704 | D:7      | Found a staircase to the Ecumenical Temple.
  7710 | Temple   | Entered the Ecumenical Temple
  8303 | D:8      | Reached skill level 2 in Crossbows
  8963 | D:8      | Reached skill level 3 in Crossbows
  9221 | D:8      | Found a staircase to the Lair.
  9221 | D:8      | Noticed a death yak
  9222 | D:8      | Noticed a death yak
  9222 | D:8      | Noticed a death yak
  9540 | D:9      | Noticed a troll
  9745 | D:9      | Found a stormy altar of Qazlal.
  9745 | D:9      | Found a bloodstained altar of Trog.
  9751 | D:9      | Found a glowing silver altar of Zin.
  9754 | D:9      | Became a worshipper of Trog the Wrathful
  9757 | D:9      | Found an opulent altar of Gozag.
  9759 | D:9      | Found a faded altar of an unknown god.
  9879 | D:9      | Reached skill level 4 in Crossbows
 10167 | D:9      | Got a spiked ring mail
 10178 | D:9      | Identified the +4 ring mail "Gigicung" {*Contam +Fly rPois
                  | Str+6} (You found it on level 9 of the Dungeon)
 10189 | D:9      | Reached XP level 10. HP: 76/91 MP: 8/10
 10744 | D:9      | Noticed Erolcha
 10752 | D:9      | Reached skill level 5 in Crossbows
 10753 | D:9      | Killed Erolcha
 10753 | D:9      | Reached skill level 10 in Axes
 11150 | D:10     | Entered Level 10 of the Dungeon
 11171 | D:10     | Reached skill level 6 in Crossbows
 11385 | D:10     | Found a staircase to the Orcish Mines.
 11599 | D:10     | Reached skill level 10 in Fighting
 11809 | D:10     | Reached skill level 7 in Crossbows
 11813 | D:10     | Reached * piety under Trog
 11817 | D:10     | Reached XP level 11. HP: 95/101 MP: 11/11
 12413 | D:11     | Reached skill level 8 in Crossbows
 12443 | D:11     | You fall through a shaft for 2 floors!
 12521 | D:12     | Noticed a white ugly thing
 12525 | D:12     | Killed a white ugly thing
 12760 | D:11     | Noticed a five-headed hydra
 12767 | D:11     | Killed a five-headed hydra
 12767 | D:11     | Reached ** piety under Trog
 12829 | D:11     | Noticed a brown ugly thing
 12833 | D:11     | Killed a brown ugly thing
 13056 | D:11     | Noticed Urug
 13060 | D:11     | Killed Urug
 13060 | D:11     | Reached skill level 9 in Crossbows
 13411 | D:11     | Noticed a two-headed ogre
 13421 | D:11     | Killed a two-headed ogre
 13908 | D:12     | Reached skill level 10 in Crossbows
 14025 | D:12     | Noticed a deep elf mage
 14028 | D:12     | Killed a deep elf mage
 14076 | D:12     | Reached XP level 12. HP: 104/110 MP: 10/12
 14197 | D:12     | Reached skill level 11 in Crossbows
 14317 | D:12     | Noticed Nergalle
 14321 | D:12     | Killed Nergalle
 14601 | D:8      | Killed a death yak
 14609 | D:8      | Killed a death yak
 14616 | D:8      | Killed a death yak
 14617 | D:8      | Reached skill level 12 in Crossbows
 14622 | D:8      | Reached *** piety under Trog
 15109 | Lair:1   | Entered Level 1 of the Lair of Beasts
 16189 | Lair:2   | Reached skill level 13 in Crossbows
 16686 | Lair:2   | Reached XP level 13. HP: 34/116 MP: 9/13
 18272 | Lair:3   | Reached skill level 14 in Crossbows
 18380 | Lair:3   | Reached **** piety under Trog
 18380 | Lair:3   | Received a gift from Trog
 18386 | Lair:2   | Gained mutation: You are clumsy. (Dex -2) [mutagenic glow]
 19030 | Lair:3   | Found a hole to the Spider Nest.
 19082 | Lair:3   | You fall through a shaft!
 19145 | Lair:4   | Reached skill level 15 in Crossbows
 19577 | Lair:3   | Slain by a redback

Skill      XL: |  1  2  3  4  5  6  7  8  9 10 11 12 13 |
---------------+----------------------------------------+-----
Axes           | 3 4 5 6 8 9 10 | 10.2
Fighting       | 4 5 6 7 9 10 11 | 11.4
Shields        | 4 5 6 |  6.4
Armour         | 4 5 7 8 9 |  9.6
Crossbows      | 4 7 10 13 15 | 15.4

Action                   |  1- 3 |  4- 6 |  7- 9 | 10-12 | 13-15 || total
-------------------------+-------+-------+-------+-------+-------++-------
Melee: War axe           |   114 |   136 |   219 |       |       ||   469
       Battleaxe         |       |       |    33 |    50 |    23 ||   106
       Great mace        |       |       |       |       |     2 ||     2
 Fire: Arbalest          |       |       |   132 |   374 |   147 ||   653
Throw: Tomahawk          |     2 |    28 |    42 |       |     1 ||    73
Invok: Trog's Hand       |       |       |       |     3 |     1 ||     4
       Berserk           |       |       |       |     1 |     2 ||     3
       Brothers in Arms  |       |       |       |       |     1 ||     1
Evoke: Wand              |       |     2 |     9 |     4 |     3 ||    18
  Use: Scroll            |       |     6 |    10 |     6 |     5 ||    27
       Potion            |       |     1 |     2 |     1 |       ||     4
 Stab: Confused          |       |     4 |       |       |       ||     4
  Eat: Ration            |     1 |     1 |     6 |     7 |     4 ||    19
       Chunk             |       |     1 |     2 |     1 |       ||     4
Armor: Scale mail        |    63 |    25 |       |       |       ||    88
       Chain mail        |       |    43 |   134 |       |       ||   177
       Plate armour      |       |       |    45 |       |       ||    45
       Ring mail         |       |       |     1 |   131 |    45 ||   177
Dodge: Dodged            |    36 |    38 |    92 |    98 |    46 ||   310
Block: Shield            |    64 |    70 |   106 |       |       ||   240
